 Dungeon Crawl Stone Soup version 0.20.0-8-g6b59dc7 (webtiles) character file.

136 Gargoyl the Skirmisher (level 5, 0/45 (46) HPs)
             Began as a Ghoul Abyssal Knight on May 30, 2017.
             Was a Believer of Lugonu.
             Slain by a centaur (2 damage)
             ... on level 5 of the Dungeon.
             The game lasted 00:04:51 (2119 turns).

Gargoyl the Skirmisher (Ghoul Abyssal Knight)       Turns: 2119, Time: 00:04:52

HP:   0/45 (46)     AC: 11    Str: 16    XL:     5   Next: 19%
MP:   6/6           EV:  5    Int:  7    God:    Lugonu [**....]
Gold: 79            SH:  0    Dex:  9    Spells: 4/4 levels left

rFire    . . .     SeeInvis .   a - +1 hand axe
rCold    + . .     Gourm    .   (no shield)
rNeg     + + +     Faith    .   d - +0 plate armour
rPois    ∞         Spirit   .   (no helmet)
rElec    .         Reflect  .   (no cloak)
rCorr    .         Harm     .   (no gloves)
MR       .....                  (no boots)
Stlth    ..........             (no amulet)
Regen    0.0/turn               (no ring)
MPRegen  0.1/turn               (no ring)

@: rotting
A: rotting body, claws 1, carnivore 3, cold resistance 1, negative energy
resistance 3, inhibited regeneration, torment resistance, unbreathing
a: Depart the Abyss, Bend Space, Renounce Religion


You were on level 5 of the Dungeon.
You worshipped Lugonu.
Lugonu was pleased with you.
You were not hungry.

You visited 1 branch of the dungeon, and saw 4 of its levels.
You visited the Abyss 1 time.

You collected 79 gold pieces.

Inventory:

Hand Weapons
 a - a +1 hand axe (weapon)
Armour
 b - a +0 leather armour
 d - a +0 plate armour (worn)
Scrolls
 i - a scroll of remove curse
 k - a scroll of blinking
Potions
 e - a potion of might {unknown}
 f - a potion of berserk rage {unknown}
 h - a potion of brilliance
 j - a potion of heal wounds {unknown}
Comestibles
 c - a meat ration
 m - 2 chunks of flesh


   Skills:
 + Level 4.0 Fighting
 + Level 2.8 Axes
 * Level 3.2 Armour
 + Level 1.0 Dodging
 * Level 2.8 Invocations


You had 4 spell levels left.
You didn't know any spells.

Dungeon Overview and Level Annotations

Branches:
Dungeon (3/15)

Altars:
Makhleb

Annotations:
D:5 Wark's ghost, novice OgTm


Innate Abilities, Weirdness & Mutations

Your body is rotting away.
You thrive on raw meat.
You are immune to poison.
You have sharp fingernails.
You are carnivorous and can eat meat at any time.
Your flesh is cold resistant. (rC+)
You are immune to negative energy. (rN+++)
You do not regenerate when monsters are visible.
You are immune to unholy pain and torment.
You can survive without breathing.


Message History

The centaur hits you but does no damage.
Things that are here:
a dagger; a robe; an adder corpse You hit the centaur.
The centaur is lightly wounded.
The centaur hits you but does no damage.
The centaur hits you!
* * * LOW HITPOINT WARNING * * *
You hit the centaur.
The centaur is lightly wounded.
The centaur barely misses you.
You hit the centaur.
The centaur is moderately wounded.
The centaur barely misses you.
The centaur hits you but does no damage.
Your plate armour prevents you from hitting the centaur.
The centaur is moderately wounded.
The centaur hits you but does no damage.
The centaur hits you.
You die...

#.....)..###
#........#
#........#
#.###(####
... #c..o#
## ####o#
#c# #c# #@#
#(# #.#
........#
#########


You could see 2 centaurs and 2 orcs.

Vanquished Creatures
  An orc wizard (D:5)
  5 adders
  3 dart slugs
  5 bats (D:1)
  2 giant cockroaches (D:1)
  11 goblins
  7 hobgoblins
  6 jackals (D:1)
  3 kobolds
  A quokka (D:2)
  3 frilled lizards
  5 rats
52 creatures vanquished.

Notes
Turn   | Place    | Note
-------+----------+-------------------------------------------
     0 | Abyss:1  | Gargoyl the Ghoul Abyssal Knight began the quest for the Orb.
     0 | Abyss:1  | Reached XP level 1. HP: 19/19 MP: 1/1
    26 | Abyss:2  | Noticed a thrashing horror
    27 | D:1      | Escaped the Abyss
   182 | D:1      | Reached * piety under Lugonu
   202 | D:1      | Reached XP level 2. HP: 18/25 MP: 2/2
   206 | D:1      | Reached skill level 1 in Dodging
   541 | D:1      | Reached XP level 3. HP: 33/33 MP: 3/3
  1259 | D:2      | Found a faded altar of an unknown god.
  1295 | D:2      | Reached XP level 4. HP: 40/40 MP: 4/4
  1504 | D:2      | Reached ** piety under Lugonu
  2047 | D:3      | Found a burning altar of Makhleb.
  2053 | D:3      | You fall through a shaft for 2 floors!
  2053 | D:5      | Entered Level 5 of the Dungeon
  2053 | D:5      | Noticed a centaur
  2059 | D:5      | Noticed Wark's ghost (novice OgTm)
  2061 | D:5      | Noticed a centaur
  2100 | D:5      | Reached skill level 4 in Fighting
  2100 | D:5      | Reached XP level 5. HP: 38/45 MP: 4/6
  2116 | D:5      | HP: 2/45 [centaur (7)]
  2119 | D:5      | Slain by a centaur

Skill      XL: |  1  2  3  4 |
---------------+-------------+-----
Dodging        | 1 |  1.0
Armour         | 2 3 |  3.2
Axes           | 2 |  2.8
Fighting       | 4 |  4.0
Invocations    | |  2.8

Action                   |  1- 3 |  4- 6 || total
-------------------------+-------+-------++-------
Melee: Hand axe          |   180 |    91 ||   271
Invok: Depart the Abyss  |     1 |       ||     1
  Use: Scroll            |     5 |     2 ||     7
       Potion            |       |     1 ||     1
  Eat: Chunk             |    11 |     8 ||    19
Armor: Plate armour      |   216 |    81 ||   297
Dodge: Dodged            |    60 |    27 ||    87
